Map: Turbo Cruise '84 LE

Players

PhierzUSN

  • Race: Zerg Zerg
  • League: Master
  • Spawn Location: 3:00

Starlord - Winner!

  • Race: Zerg Zerg
  • League: Master
  • Spawn Location: 7:00

VOD

https://youtu.be/5YEhhVAnIeg

Description

Time

  • Played on: July 29, 2019, 10:02 p.m.
  • Length: 12:43
Show
View Real Time Build Order
Export as new Build Order

PhierzUSN Zerg 

Build Orders: Pool First 

Get SALT Encoding   

  12  0:00  Drone  
  13  0:12  Overlord  
  13  0:17  Drone  
  14  0:30  Drone x2  
  16  0:43  Spawning Pool  
  16  0:44  Drone  
  16  0:49  Drone  
  17  1:09  Hatchery  
  16  1:12  Drone  
  17  1:27  Extractor  
  17  1:30  Zergling x6  
  19  1:32  Queen  
  21  1:40  Overlord  
  21  1:52  Drone  
  22  2:06  Drone  
  23  2:10  Queen  
  23  2:13  Drone  
  26  2:26  Drone x2  
  28  2:35  Drone x2  
  30  2:42  Drone x4  
  33  2:46  Queen  
  33  2:47  Metabolic Boost  
  35  2:53  Zergling x2  
  36  3:01  Overlord  
  36  3:04  Baneling Nest  
  33  3:07  Drone x2  
  35  3:13  Drone  
  35  3:17  Overlord  
  35  3:18  Overlord  
  35  3:30  Zergling x10  
  35  3:31  Zergling x2  
  41  3:36  Drone  
  41  3:40  Drone  
  43  3:55  Hatchery  
  42  3:59  Zergling x4  
  42  4:00  Zergling x6  
  47  4:07  Zergling x8  
  51  4:10  Zergling x2  
  51  4:12  Baneling x2  
  51  4:13  Baneling x2  
  51  4:16  Zergling x2  
  53  4:20  Zergling x2  
  46  4:41  Drone x5  
  46  4:42  Drone  
  46  4:44  Drone  
  46  4:45  Drone  
  54  4:47  Hatchery  
  52  4:58  Drone x2  
  54  5:02  Zergling x2  
  54  5:05  Zergling x6  
  54  5:06  Zergling x2  
  58  5:09  Roach Warren  
  52  5:21  Zergling x6  
  52  5:22  Zergling x2  
  52  5:27  Drone  
  56  5:32  Lair  
  56  5:34  Extractor, Zergling x2  
  56  5:41  Baneling x2  
  53  5:56  Roach x5  
  60  6:02  Drone, Roach  
  60  6:03  Drone x3  
  55  6:09  Drone x2  
  56  6:12  Drone x2  
  56  6:16  Roach  
  60  6:24  Roach  
  59  6:25  Roach  
  55  6:33  Drone  
  55  6:38  Drone  
  55  6:46  Drone x2  
  53  6:54  Roach  
  53  7:00  Drone  
  53  7:03  Glial Reconstitution  
  53  7:06  Roach x2  
  57  7:19  Extractor, Roach  
  58  7:23  Drone x2  
  58  7:24  Overlord  
  58  7:25  Overlord x4  
  60  7:31  Baneling  
  60  7:32  Baneling  
  58  7:44  Baneling x3  
  58  7:45  Drone x7  
  58  7:46  Drone  
  66  7:52  Roach x2  
  70  8:01  Roach  
  70  8:03  Drone, Evolution Chamber  
  70  8:04  Evolution Chamber  
  71  8:10  Roach x2  
  75  8:18  Roach x2  
  79  8:21  Roach  
  79  8:24  Roach  
  80  8:28  Roach  
  78  8:35  Roach  
  78  8:36  Roach  
  78  8:40  Roach  
  84  8:44  Roach  
  84  8:48  Roach  
  88  8:50  Drone  
  89  9:00  Roach x2  
  89  9:02  Roach  
  91  9:10  Roach  
  91  9:13  Evolution Chamber  
  92  9:20  Roach x2  
  92  9:23  Roach  
  79  9:43  Roach x2  
  79  9:44  Roach x4  
  89  9:49  Roach x2  
  89  9:55  Drone x2  
  89  9:56  Drone  
  86  10:00  Spore Crawler  
  73  10:09  Drone x3  
  73  10:10  Drone  
  73  10:16  Roach  
  73  10:20  Spore Crawler  
  68  10:22  Spore Crawler  
  59  10:29  Extractor  
  59  10:31  Spore Crawler  
  59  10:32  Spore Crawler  
  56  10:40  Spore Crawler  
  56  10:41  Spore Crawler  
  54  10:45  Spore Crawler  
  54  10:46  Drone  
  54  10:56  Drone, Hydralisk Den  
  54  10:57  Drone  
  55  10:59  Drone  
  55  11:03  Drone  
  56  11:28  Drone  
  56  11:29  Drone  
  56  11:32  Grooved Spines  
  58  11:33  Hydralisk x3  
  64  11:41  Hydralisk x2  
  64  11:44  Hydralisk  
  70  11:48  Hydralisk  
  70  11:53  Hydralisk  
  52  12:14  Roach  
  52  12:15  Roach x4  
Show
View Real Time Build Order
Export as new Build Order

Starlord Zerg - Winner!

Build Orders: Hatch First 

Get SALT Encoding   

  12  0:02  Drone  
  13  0:12  Overlord  
  13  0:18  Drone  
  14  0:31  Drone x2  
  16  0:36  Drone  
  17  0:52  Hatchery  
  17  0:56  Drone  
  17  1:05  Drone  
  17  1:10  Extractor  
  17  1:18  Spawning Pool  
  16  1:21  Drone  
  16  1:25  Drone  
  18  1:30  Drone  
  19  1:42  Overlord  
  19  1:51  Drone  
  20  2:04  Queen  
  20  2:05  Zergling x2  
  20  2:06  Queen  
  20  2:07  Zergling x2  
  26  2:13  Zergling x2  
  27  2:17  Metabolic Boost, Zergling x2  
  28  2:36  Drone  
  28  2:45  Drone  
  28  2:48  Evolution Chamber  
  28  2:52  Drone  
  28  2:56  Drone x2  
  28  2:57  Drone  
  32  3:00  Drone  
  32  3:05  Overlord  
  32  3:16  Zerg Melee Weapons Level 1  
  32  3:19  Hatchery  
  30  3:27  Zergling x2  
  30  3:28  Zergling x4  
  34  3:34  Zergling x6  
  36  3:42  Overlord  
  36  3:46  Zergling x4  
  38  3:51  Drone x2  
  40  4:03  Drone  
  40  4:06  Drone x4, Evolution Chamber  
  44  4:16  Baneling Nest  
  43  4:22  Zergling x8  
  42  4:29  Zergling x2, Spine Crawler  
  37  4:34  Zergling x4  
  37  4:35  Zergling x2  
  40  4:46  Zergling x10  
  44  4:55  Zergling x8  
  46  5:09  Zergling x12  
  50  5:24  Zergling x6  
  50  5:27  Baneling x3  
  48  5:30  Zerg Ground Armor Level 1  
  48  5:32  Baneling x3  
  48  5:36  Zergling x8  
  48  5:40  Baneling x3  
  51  6:03  Zergling x6  
  51  6:06  Zergling x4  
  51  6:09  Overlord, Baneling x3  
  51  6:12  Hatchery  
  49  6:21  Zergling x2  
  44  6:27  Zergling x2  
  41  6:33  Zergling x2  
  41  6:34  Zergling x4  
  41  6:37  Hatchery  
  41  6:39  Zergling x4  
  43  6:40  Zergling x2  
  43  6:43  Zergling x2  
  45  6:48  Hatchery  
  45  6:50  Zergling x4  
  45  6:58  Zergling x8  
  49  7:06  Zergling x2  
  50  7:12  Lair  
  50  7:16  Drone x3  
  53  7:26  Drone x2  
  53  7:27  Extractor, Drone  
  53  7:28  Drone  
  53  7:29  Drone  
  53  7:46  Drone x6  
  53  7:51  Spine Crawler  
  58  8:00  Spine Crawler  
  58  8:02  Spine Crawler  
  58  8:03  Spine Crawler  
  55  8:06  Overlord  
  55  8:12  Spine Crawler  
  54  8:18  Spire  
  44  8:30  Zergling x14  
  47  8:37  Zergling x8  
  51  8:48  Zergling x10  
  55  8:56  Zergling x2  
  55  8:59  Zergling x2  
  53  9:15  Hatchery  
  51  9:29  Mutalisk x5  
  60  9:32  Zergling x6  
  55  9:38  Zergling x4  
  55  9:39  Zergling x2  
  54  9:51  Extractor  
  54  9:52  Extractor  
  48  9:55  Zergling x4  
  48  9:56  Zergling x6  
  53  10:03  Zergling x4  
  56  10:23  Mutalisk x2  
  61  10:28  Drone x2  
  61  10:31  Drone  
  61  10:47  Drone x3  
  61  10:48  Drone  
  61  10:49  Drone  
  67  10:50  Drone  
  67  10:58  Zergling x4  
  69  11:07  Zergling x8  
  73  11:12  Overlord x2  
  73  11:38  Zergling x12  
  79  11:45  Zergling x6  
  82  11:48  Zergling x4  
  83  11:59  Hatchery  
  76  12:03  Zergling x6  
  69  12:10  Zergling x4  
  60  12:24  Zergling x12  
Tags
 
Add a new tag
Caveats
  • Supply blocks, unpowered buildings, or Contaminate may cause inaccurate times.
  • Supply counts are checked every 10 seconds.